 Dungeon Sprint DCSS version 0.28-a0-906-g0406aca7d3 (webtiles) character file.

Game seed: 3474535569155641385

10001 Turgor the Severer (level 11, -6/113 HPs)
             Began as a Minotaur Berserker on Nov 23, 2021.
             Was the Champion of Trog.
             Mangled by a 13-headed hydra (11 damage)
             ... while paralysed by a floating eye
             ... in the Dungeon (Sprint I: "Red Sonja").
             The game lasted 00:21:20 (1753 turns).

Turgor the Severer (Minotaur Berserker)             Turns: 1753, Time: 00:21:20

Health: -6/113     AC: 10    Str: 23    XL:     11   Next: 30%
Magic:  10/10      EV:  2    Int:  5    God:    Trog [******]
Gold:   1395       SH:  0    Dex: 22    Spells: 10/10 levels left

rFire   . . .      SeeInvis +   a - +6 executioner's axe of the Blowfly {vorpal, rCorr Dex+5}
rCold   . . .      Faith    .   (shield currently unavailable)
rNeg    + . .      Spirit   .   i - +0 scale mail
rPois   +          Reflect  .   (helmet restricted)
rElec   .          Harm     .   (no cloak)
rCorr   +          Rampage  .   (no gloves)
Will    ++...      NoTele   +   (no boots)
Stlth   ..........              x - amulet of Accord {Fragile rPois Regen+ Dex+6}
HPRegen 2.28/turn               z - ring of positive energy
MPRegen 0.12/turn               y - ring of see invisible

@: paralysed, strong-willed, regenerating
A: horns 2, retaliatory headbutt
a: Renounce Religion, Berserk, Trog's Hand, Brothers in Arms


You were in the Dungeon.
You worshipped Trog.
Trog was exalted by your worship.
You visited 1 branch You collected 2441 gold pieces.
You spent 1046 gold pieces at shops.

Inventory:

Hand Weapons
 a - the +6 executioner's axe of the Blowfly (weapon) {vorpal, rCorr Dex+5}
   (Trog gifted it to you in the Dungeon)

   It inflicts extra damage upon your enemies.
   Dex:       It affects your dexterity (+5).
   rCorr:     It protects you from acid and corrosion.
 p - a +2 dagger of distortion
 B - a +0 spear
Missiles
 q - 5 curare-tipped darts (quivered)
Armour
 b - a +0 animal skin
 i - a +0 scale mail (worn)
 s - a +2 leather armour of fire resistance
Jewellery
 m - a ring of resist corrosion
 x - the amulet of Accord (around neck) {Fragile rPois Regen+ Dex+6}
   (You acquired it in the Dungeon)

   [amulet of regeneration]

   Dex:       It affects your dexterity (+6).
   rPois:     It protects you from poison.
   Regen:     It increases your rate of health regeneration.
   Fragile:   It will be destroyed if unequipped.
 y - a ring of see invisible (right hand)
 z - a ring of positive energy (left hand)
Wands
 n - a wand of paralysis (6)
 o - a wand of flame (38)
Scrolls
 h - a scroll of blinking
 k - a scroll of torment
 u - a scroll of immolation
 A - a scroll of enchant weapon {unknown}
Potions
 c - 3 potions of curing
 d - a potion of heal wounds
 e - a potion of haste
 f - 2 potions of magic
 g - a potion of berserk rage
 j - 2 potions of flight
 l - a potion of cancellation
 r - a potion of might
 v - a potion of mutation
 w - a potion of ambrosia
Miscellaneous
 t - a condenser vane


   Skills:
 + Level 15.5 Fighting
 * Level 20.9 Axes
 + Level 15.2 Armour
 + Level 14.1 Dodging


You had 10 spell levels left.
You didn't know any spells.
Your spell library was empty.

Dungeon Overview and Level Annotations

Branches:
Dungeon (1/1)

Altars:
Cheibriados
Dithmenos
Elyvilon
Fedhas
Gozag
Hepliaklqana
Kikubaaqudgha
Makhleb
Nemelex Xobeh
Okawaru
Qazlal
Ru
Sif Muna
Trog
Uskayaw
Vehumet
Wu Jian
Xom
Yredelemnul
Zin
The Shining One
Jiyva
Lugonu

Shops:
D !*=(*=?*:!(*!!?[=


Innate Abilities, Weirdness & Mutations

You have a pair of horns on your head.
You reflexively headbutt those who attack you in melee.


Message History

Found 54 gold pieces.
You hack one of the 12-headed hydra's heads off!
The 11-headed hydra grows two more!
You cut the 13-headed hydra into ribbons!!!
The 13-headed hydra is severely wounded.
Unknown command.
You completely miss the 13-headed hydra.
You headbutt the 13-headed hydra!
The 13-headed hydra is severely wounded.
The 13-headed hydra closely misses you. x3
The 13-headed hydra completely misses you.
The 13-headed hydra bites you!
The 13-headed hydra bites you but does no damage.
The 13-headed hydra bites you.
The 13-headed hydra completely misses you.
The 13-headed hydra misses you. The 13-headed hydra barely misses you.
The 13-headed hydra closely misses you. The 13-headed hydra bites you.
The 13-headed hydra closely misses you.
The floating eye gazes piercingly through you!
You suddenly lose the ability to move!
The 13-headed hydra bites you.
The 13-headed hydra bites you but does no damage. x2
The 13-headed hydra bites you. The 13-headed hydra bites you! x4
The 13-headed hydra bites you.
* * * LOW HITPOINT WARNING * * *
The 13-headed hydra bites you but does no damage. x2
The 13-headed hydra bites you!
* * * LOW HITPOINT WARNING * * *
The 13-headed hydra bites you.
* * * LOW HITPOINT WARNING * * *
The 13-headed hydra bites you but does no damage.
The 13-headed hydra bites you.
* * * LOW HITPOINT WARNING * * *
The 13-headed hydra bites you!
* * * LOW HITPOINT WARNING * * *
The 13-headed hydra bites you but does no damage. x2
The 13-headed hydra bites you!
* * * LOW HITPOINT WARNING * * *
The 13-headed hydra bites you!
You die...

#####################
).#).#..§.)§..§§@DG$#
).##'#§####...§§##$.+
..'.§#.#.###...## ##
###..§.#'#.###+#
.##+####...#y#
.#...○○#...###
.#..)○○°.....#
'###○☼○#.....#
.'.#...###°'##


You could see a 13-headed hydra and a floating eye.

Vanquished Creatures
  A lorocyproca (D)
  2 centaur warriors (D)
  Sonja (D)
  A deep troll (D)
  A lindwurm (D)
  An oklob plant (D)
  A gargoyle (D)
  2 kobold demonologists (D)
  2 unseen horrors (D)
  2 demonic crawlers (D)
  A slime creature (D)
  A hornet (D)
  Sigmund (D)
  2 redbacks (D)
  A yak (D)
  13 hogs (D)
  A floating eye (D)
  7 necrophages (D)
  An ogre (D)
  8 jellies (D)
  Ijyb (D)
51 creatures vanquished.

Vanquished Creatures (collateral kills)
  2 demonic crawlers (D)
  A floating eye (D)
3 creatures vanquished.

Vanquished Creatures (others)
  2 ballistomycete spores (D)
2 creatures vanquished.

Grand Total: 56 creatures vanquished

Notes
Turn   | Place    | Note
-------+----------+-------------------------------------------
     0 | D        | Turgor the Minotaur Berserker began the quest for the Orb.
     0 | D        | Reached XP level 1. HP: 19/19 MP: 0/0
     1 | D        | Noticed Ijyb
     5 | D        | Killed Ijyb
     6 | D        | Reached skill level 5 in Axes
     6 | D        | Reached XP level 2. HP: 28/28 MP: 1/1
    38 | D        | Noticed an ogre
    40 | D        | Killed an ogre
    41 | D        | Reached skill level 7 in Axes
    41 | D        | Reached skill level 5 in Armour
    41 | D        | Reached XP level 3. HP: 37/37 MP: 2/2
    41 | D        | Reached XP level 4. HP: 44/44 MP: 3/3
    82 | D        | Noticed Sigmund
    87 | D        | Killed Sigmund
    87 | D        | Reached ** piety under Trog
    88 | D        | Reached skill level 10 in Axes
    88 | D        | Reached XP level 5. HP: 52/52 MP: 4/4
   126 | D        | Found an ornate altar of the Wu Jian Council.
   126 | D        | Found a shimmering blue altar of Sif Muna.
   128 | D        | Found a radiant altar of Vehumet.
   131 | D        | Reached XP level 6. HP: 61/61 MP: 5/5
   132 | D        | Found a viscous altar of Jiyva.
   132 | D        | Found a corrupted altar of Lugonu.
   132 | D        | Noticed a slime creature
   133 | D        | Found a burning altar of Makhleb.
   133 | D        | Found a shimmering altar of Xom.
   139 | D        | Killed a slime creature
   140 | D        | Reached skill level 11 in Axes
   167 | D        | Found Bismiyzo's General Store.
   167 | D        | Found an ancient bone altar of Kikubaaqudgha.
   167 | D        | Found a hazy altar of Hepliaklqana.
   167 | D        | Found a stormy altar of Qazlal.
   167 | D        | Found a hide-covered altar of Uskayaw.
   167 | D        | Found a blossoming altar of Fedhas.
   167 | D        | Found a bloodstained altar of Trog.
   167 | D        | Found an iron altar of Okawaru.
   167 | D        | Found a basalt altar of Yredelemnul.
   167 | D        | Found a glowing golden altar of the Shining One.
   167 | D        | Found a snail-covered altar of Cheibriados.
   167 | D        | Found a sacrificial altar of Ru.
   167 | D        | Found a glowing silver altar of Zin.
   167 | D        | Found a shadowy altar of Dithmenos.
   167 | D        | Found a white marble altar of Elyvilon.
   167 | D        | Noticed a yak
   174 | D        | Killed a yak
   175 | D        | Reached skill level 12 in Axes
   175 | D        | Reached XP level 7. HP: 59/70 MP: 6/6
   175 | D        | Found an opulent altar of Gozag.
   176 | D        | Found a sparkling altar of Nemelex Xobeh.
   180 | D        | Bought a scroll of identify for 28 gold pieces
   227 | D        | Noticed a centaur warrior
   228 | D        | Noticed a centaur warrior
   238 | D        | Killed a centaur warrior
   239 | D        | Reached skill level 10 in Fighting
   239 | D        | Reached skill level 14 in Axes
   239 | D        | Reached skill level 10 in Armour
   239 | D        | Reached XP level 8. HP: 80/80 MP: 7/7
   241 | D        | Killed a centaur warrior
   241 | D        | Reached *** piety under Trog
   242 | D        | Reached skill level 15 in Axes
   242 | D        | Reached skill level 10 in Dodging
   288 | D        | Noticed a deep troll
   298 | D        | Killed a deep troll
   299 | D        | Reached skill level 16 in Axes
   299 | D        | Reached XP level 9. HP: 66/90 MP: 8/8
   314 | D        | Found Bichiac's Armour Emporium.
   468 | D        | Noticed Sonja
   487 | D        | Killed Sonja
   540 | D        | Found Neiwkom's Distillery.
   548 | D        | Bought a potion of might for 48 gold pieces
   748 | D        | Noticed an oklob plant
   754 | D        | Killed an oklob plant
   754 | D        | Reached **** piety under Trog
   755 | D        | Reached skill level 17 in Axes
  1039 | D        | Reached XP level 10. HP: 99/101 MP: 9/9
  1043 | D        | Reached ***** piety under Trog
  1168 | D        | Reached skill level 18 in Axes
  1188 | D        | Reached ****** piety under Trog
  1203 | D        | Received a gift from Trog
  1226 | D        | Found Umazytar's Antique Weapon Shoppe.
  1226 | D        | Found Zyczo's Jewellery Shop.
  1226 | D        | Found Enleg Fonam's Assorted Antiques.
  1228 | D        | Found Dosus's Jewellery Emporium.
  1228 | D        | Found Siff's Magic Scroll Shop.
  1228 | D        | Found Maatips's General Store.
  1228 | D        | Found Kanioj's Book Boutique.
  1228 | D        | Found Duoweqal's Distillery.
  1228 | D        | Found Jiot's Weapon Shop.
  1228 | D        | Found Caddoc's Assorted Antiques.
  1231 | D        | Bought a scroll labelled TEAROMA GEFISCH for 28 gold pieces
  1231 | D        | Bought a murky cyan potion for 25 gold pieces
  1231 | D        | Bought a silvery potion for 25 gold pieces
  1233 | D        | Found Fogg's Distillery.
  1234 | D        | Found Fyra's Magic Scroll Emporium.
  1234 | D        | Found Vuetubu's Distillery.
  1240 | D        | Bought a scroll of identify for 22 gold pieces
  1241 | D        | Bought a scroll of identify for 22 gold pieces
  1242 | D        | Found Igoen's Jewellery Emporium.
  1247 | D        | Bought a fizzy silvery potion for 22 gold pieces
  1247 | D        | Bought a fizzy silvery potion for 22 gold pieces
  1252 | D        | Bought a scroll of identify for 22 gold pieces
  1253 | D        | Bought a scroll of acquirement for 572 gold pieces
  1263 | D        | Acquired the amulet of Accord {Fragile rPois Regen+ Dex+6}
  1288 | D        | Bought a ring of see invisible for 210 gold pieces
  1373 | D        | Received a gift from Trog
  1374 | D        | Reached skill level 19 in Axes
  1396 | D        | Received a gift from Trog
  1438 | D        | Noticed a lindwurm
  1444 | D        | Killed a lindwurm
  1456 | D        | Reached skill level 20 in Axes
  1456 | D        | Reached XP level 11. HP: 111/111 MP: 10/10
  1466 | D        | Reached skill level 15 in Fighting
  1466 | D        | Identified the +6 executioner's axe of the Blowfly {vorpal,
                  | rCorr Dex+5} (Trog gifted it to you in the Dungeon)
  1466 | D        | Received a gift from Trog
  1542 | D        | Reached skill level 15 in Armour
  1567 | D        | Noticed a lorocyproca
  1579 | D        | Killed a lorocyproca
  1749 | D        | Noticed a 12-headed hydra
  1751 | D        | Paralysed by a floating eye for 4 turns
  1753 | D        | HP: 5/113 [13-headed hydra (10)]
  1753 | D        | Mangled by a 13-headed hydra

Illustrated notes

Levels and vault maps discovered:
D:        dungeon_sprint_1 [red_sonja_temple_1, red_sonja_temple_small_1]

Skill      XL: |  1  2  3  4  5  6  7  8  9 10 11 |
---------------+----------------------------------+-----
Fighting       | 4 6 7 9 10 11 13 14 15 | 15.5
Axes           | 5 7 10 12 14 16 17 20 | 20.9
Armour         | 3 5 7 8 10 11 12 14 15 | 15.2
Dodging        | 3 4 6 8 9 10 11 13 14 | 14.1

Action                   |  1- 3 |  4- 6 |  7- 9 | 10-12 || total
-------------------------+-------+-------+-------+-------++-------
Melee: Hand axe          |     4 |    17 |    57 |    84 ||   162
       Headbutt          |     1 |     4 |    11 |    36 ||    52
       Battleaxe         |       |       |       |    30 ||    30
       Executioner's axe |       |       |       |     8 ||     8
Throw: Dart              |       |       |     1 |       ||     1
Invok: Berserk           |     2 |     2 |     4 |     2 ||    10
       Trog's Hand       |       |       |     2 |     3 ||     5
       Brothers in Arms  |       |       |       |     1 ||     1
  Use: Scroll            |       |       |     2 |     6 ||     8
 Stab: Distracted        |       |       |       |     1 ||     1
Armor: Scale mail        |       |     2 |    20 |    40 ||    62
Dodge: Dodged            |     2 |     6 |    26 |    76 ||   110

Table legend: (Time is in decaauts)
 A = Elapsed time spent in this place.
 B = Non-inter-level travel time spent in this place.
 C = Inter-level travel time spent in this place.
 D = Time resting spent in this place.
 E = Time spent auto-exploring this place.
 F = Levels seen in this place.
 G = Mean time per level.
                   A        B        C        D        E       F      G
               +--------+--------+--------+--------+--------+-----+--------+
         Total |   1785 |   1776 |      9 |    869 |      0 |   1 | 1785.0 |
       Dungeon |   1785 |   1776 |      9 |    869 |      0 |   1 | 1785.0 |
               +--------+--------+--------+--------+--------+-----+--------+

Top non-repeatable levels by time:
       D: 1785 daAuts
